 Dungeon Crawl Stone Soup version 0.32-a0-834-geaf45d8e21 (webtiles) character file.

Game seed: 6219711384183596872

5202 Swamplord the Cleaver (level 10, -6/84 HPs)
             Began as a Mountain Dwarf Fighter on Mar 25, 2024.
             Was a Priest of Beogh.
             Killed by divine providence
             ... invoked by Warrok the orc apostle
              (12 damage)
             ... on level 9 of the Dungeon.
             The game lasted 00:31:12 (10502 turns).

Swamplord the Cleaver (Mountain Dwarf Fighter)     Turns: 10502, Time: 00:31:13

Health: -6/84      AC: 23    Str: 18    XL:     10   Next: 34%
Magic:  10/10      EV:  5    Int: 14    God:    Beogh [***...]
Gold:   364        SH: 12    Dex:  9    Spells: 7/9 levels left

rFire   . . .        a - +0 war axe (protect)
rCold   + . .        C - +0 tower shield
rNeg    . . .        E - +2 scale mail {rPois}
rPois   +            e - +0 helmet
rElec   .            (no cloak)
rCorr   .            o - +0 pair of gloves
SInv    .            k - +0 pair of boots
Will    +....        g - amulet of magic regeneration Stlth
                     v - ring of protection from cold
HPRegen 0.34/turn    (no ring)
MPRegen 0.52/turn

%: no passive effects
@: under a protective aura, hasted, very quick
A: runic magic, artefact enchanting, iridescent scales 1, evolution 1,
MP-powered wands
a: Renounce Religion, Smiting


You were on level 9 of the Dungeon.
You worshipped Beogh.
Beogh was most pleased with you.
You visited 2 branches of the dungeon, and saw 10 of its levels.
You also visited: Sewer.

You collected 364 gold pieces.

Inventory:

Hand Weapons
 a - a +0 war axe of protection (weapon)
Missiles
 r - 37 poisoned darts (quivered)
 G - 3 atropa-tipped darts
Armour
 c - a +0 buckler
 e - a +0 helmet (worn)
 k - a +0 pair of boots (worn)
 o - a +0 pair of gloves (worn)
 C - a +0 tower shield (worn)
 E - a +2 scale mail of poison resistance (worn)
Jewellery
 g - an amulet of magic regeneration (around neck)
 v - a ring of protection from cold (left hand)
Wands
 s - a wand of flame (19)
 B - a wand of warping (7)
Scrolls
 d - 2 scrolls of enchant weapon
 f - a scroll of torment
 i - a scroll of poison
 j - a scroll of vulnerability
 q - 2 scrolls of teleportation
 w - 2 scrolls of identify
 y - a scroll of amnesia
 D - a scroll of brand weapon
 F - a scroll of immolation
Potions
 b - 3 potions of invisibility {unknown}
 h - 2 potions of attraction
 p - a potion of mutation
 u - 2 potions of enlightenment
 x - a potion of degeneration {unknown}


   Skills:
 + Level 6.4 Fighting
 * Level 13.5 Axes
 + Level 0.9 Throwing
 * Level 8.4 Armour
 * Level 6.0 Shields
 * Level 2.5 Translocations


You had 7 spell levels left.
You knew the following spells:

 Your Spells              Type           Power      Damage    Failure   Level
a - Blink                 Tloc           14%        N/A       82%         2

Your spell library contained the following spells:

 Spells                   Type           Power      Damage    Failure   Level
 Lesser Beckoning         Tloc           14%        N/A       82%         2
 Momentum Strike          Conj/Tloc      6%         3d8       94%         2


Dungeon Overview and Level Annotations

Branches:
Dungeon (9/15)             Temple (1/1) D:6            Lair (0/5) D:8
  Sewer (visited)
    Orc: D:9-12

Altars:
Ashenzari
Dithmenos
Elyvilon
Fedhas
Gozag
Hepliaklqana
Kikubaaqudgha
Makhleb
Nemelex Xobeh
Okawaru
Qazlal
Ru
Sif Muna
Trog
Vehumet
Wu Jian
Xom
Yredelemnul
Zin
The Shining One

Shops:
D:7 (

Annotations:
D:8 2 transporters


Innate Abilities, Weirdness & Mutations

Your facial features look somewhat orcish.
Your spellcasting is much less encumbered by armour.
You can use scrolls of enchantment on lesser artefacts.
You are partially covered in iridescent scales. (AC +2)
You have hidden genetic potential.
You expend magic power (3 MP) to strengthen your wands.


Message History

It shouts, "Surely Beogh must have sent you!"
Throw: 39 darts (poison)
Press: ? - help, Q - select action, (/) - cycle Shift-Dir - straight line, f/p - Warrok
Aim: Warrok the orc apostle, wielding a +1 flail of holy wrath and wearing a +3 ring mail (lightly wounded, poisoned, empowered by the touch of Beogh, 45% to hit)
You throw a poisoned dart.
The poisoned dart closely misses Warrok.
Warrok looks more healthy.
Warrok invokes the aid of Beogh against you.
Beogh smites you!
* * * LOW HITPOINT WARNING * * *
Throw: 38 darts (poison)
Press: ? - help, Q - select action, (/) - cycle Shift-Dir - straight line, f/p - Warrok
Aim: Warrok the orc apostle, wielding a +1 flail of holy wrath and wearing a +3 ring mail (lightly wounded, empowered by the touch of Beogh, 45% to hit)
You throw a poisoned dart. The poisoned dart hits Warrok.
Warrok is poisoned.
Warrok is lightly wounded.
It was a potion of cancellation.
You feel magically purged. You block Warrok's attack.
You miss Warrok.
Warrok is lightly wounded.
Warrok sneers, "For a messiah, you look rather pathetic."
You block Warrok's attack. x2
You barely miss Warrok.
Warrok is lightly wounded.
You block Warrok's attack.
You hit Warrok but do no damage.
Your weapon exudes an aura of protection.
Warrok hits you but does no damage.
You barely miss Warrok.
Warrok is lightly wounded.
You block Warrok's attack.
You hit Warrok.
Warrok is lightly wounded.
Warrok mumbles some strange prayers to Beogh against you.
Beogh smites you!
* * * LOW HITPOINT WARNING * * *
You feel yourself speed up.
Warrok looks more healthy.
Warrok mumbles some strange prayers to Beogh against you.
Beogh smites you!
You die...
Beogh appreciates Warrok's killing of a heretic priest.

###############
...............
#@o(....(
#....(..#
..####.## ...#
##+##


You could see Warrok the orc apostle (divinely empowered).

Vanquished Creatures
  Pikel (D:4)
  A troll (D:7)
  A hornet (D:9)
  The ghost of shadizar the Magician, an amateur DjEE (D:5)
  5 yaks (D:7)
  2 steam dragons (D:7)
  2 water moccasins
  Duvessa (D:5)
  3 orc warriors
  2 black bears
  2 lemures (D:4)
  4 ogres
  A wolf (D:7)
  5 kobold brigands
  A phantom (D:6)
  A bullfrog (D:8)
  A gnoll sergeant (D:8)
  A wight (D:7)
  Dowan (D:5)
  A jelly (D:6)
  6 killer bees
  2 electric eels (D:8)
  6 hounds
  2 orc priests
  3 gnoll boudas (D:7)
  An iguana (D:7)
  9 orc wizards
  3 adders
  17 gnolls
  4 river rats
  A shadow imp (D:8)
  A white imp (D:7)
  2 ufetubi (D:6)
  2 ribbon worms (Sewer)
  26 orcs
  13 endoplasms
  11 giant cockroaches
  6 goblins
  11 hobgoblins
  2 jackals (D:2)
  13 quokkas
  7 ball pythons
  3 bats
  3 frilled lizards
  17 kobolds
  9 rats
217 creatures vanquished.

Vanquished Creatures (others)
  A jelly (D:7)
  An orc priest (D:7)
  An orc wizard (D:7)
  2 orcs
5 creatures vanquished.

Grand Total: 222 creatures vanquished

Notes
Turn   | Place    | Note
-------+----------+-------------------------------------------
     0 | D:1      | Swamplord the Mountain Dwarf Fighter began the quest for
                  | the Orb.
     0 | D:1      | Reached XP level 1. HP: 19/19 MP: 1/1
   472 | D:1      | Reached XP level 2. HP: 24/26 MP: 2/2
   621 | D:1      | Reached skill level 3 in Axes
  1397 | D:2      | Reached XP level 3. HP: 25/31 MP: 3/3
  1726 | D:3      | Reached skill level 4 in Axes
  2112 | D:3      | Reached XP level 4. HP: 37/40 MP: 4/4
  2163 | D:3      | Found a glowing drain.
  2170 | Sewer    | Entered a sewer
  2489 | Sewer    | Reached skill level 5 in Axes
  2545 | Sewer    | Noticed a kobold brigand
  2580 | Sewer    | Killed a kobold brigand
  2581 | Sewer    | Reached XP level 5. HP: 27/46 MP: 5/5
  2748 | Sewer    | Reached skill level 6 in Axes
  2748 | Sewer    | Reached XP level 6. HP: 40/52 MP: 6/6
  3340 | D:4      | Reached skill level 7 in Axes
  3443 | D:4      | Found a bloodstained altar of Trog.
  3620 | D:4      | Noticed Pikel
  3812 | D:4      | Found a sparkling altar of Nemelex Xobeh.
  3829 | D:4      | Reached XP level 7. HP: 39/60 MP: 7/7
  3829 | D:4      | Became a worshipper of Beogh the Shepherd
  4057 | D:4      | Found a shimmering altar of Xom.
  4190 | D:4      | Killed Pikel
  4191 | D:4      | Reached skill level 9 in Axes
  4191 | D:4      | Reached skill level 5 in Armour
  4654 | D:5      | Entered Level 5 of the Dungeon
  4770 | D:5      | Reached XP level 8. HP: 53/67 MP: 8/8
  4868 | D:5      | Reached skill level 5 in Fighting
  5123 | D:5      | Reached skill level 10 in Axes
  5273 | D:5      | Noticed shadizar's ghost (amateur DjEE)
  5278 | D:5      | Found a runed translucent door.
  5367 | D:5      | Noticed Duvessa
  5367 | D:5      | Noticed Dowan
  5373 | D:5      | Killed Dowan
  5521 | D:5      | Killed Duvessa
  5521 | D:5      | Reached * piety under Beogh
  5727 | D:5      | Killed shadizar's ghost
  5811 | D:6      | Reached skill level 11 in Axes
  5996 | D:6      | Found a staircase to the Ecumenical Temple.
  6002 | Temple   | Entered the Ecumenical Temple
  6046 | D:6      | Reached XP level 9. HP: 30/74 MP: 9/9
  6437 | D:6      | Found a shadowy altar of Dithmenos.
  6526 | D:6      | Learned a level 2 spell: Blink
  6965 | D:7      | Found Epnenle's Weapon Shoppe.
  7541 | D:7      | Found a sacrificial altar of Ru.
  7822 | D:7      | Reached skill level 12 in Axes
  7822 | D:7      | Reached skill level 1 in Translocations
  7941 | D:7      | Found a basalt altar of Yredelemnul.
  7988 | D:7      | Reached ** piety under Beogh
  8116 | D:7      | Gained mutation: Your magical capacity is low. (-10% MP)
                  | [potion of mutation]
  8116 | D:7      | Gained mutation: You passively map a small area around you.
                  | [potion of mutation]
  8117 | D:7      | Lost mutation: Your magical capacity is low. (-10% MP)
                  | [potion of mutation]
  8117 | D:7      | Lost mutation: You passively map a small area around you.
                  | [potion of mutation]
  8117 | D:7      | Gained mutation: You have a pair of small horns on your
                  | head. [potion of mutation]
  8118 | D:7      | Lost mutation: You have a pair of small horns on your head.
                  | [potion of mutation]
  8118 | D:7      | Gained mutation: You have hidden genetic potential. [potion
                  | of mutation]
  8118 | D:7      | Gained mutation: You expend magic power (3 MP) to
                  | strengthen your wands. [potion of mutation]
  8656 | D:7      | Reached skill level 5 in Shields
  8675 | D:7      | Reached skill level 13 in Axes
  8675 | D:7      | Reached XP level 10. HP: 68/83 MP: 10/10
  8972 | D:8      | Found an iron altar of Okawaru.
  9489 | D:8      | Found a white marble altar of Elyvilon.
  9623 | D:8      | Found a staircase to the Lair.
 10261 | D:8      | Found a transporter.
 10261 | D:8      | Noticed a meliai
 10267 | D:8      | Noticed an ogre mage
 10286 | D:8      | Found a transporter.
 10297 | D:8      | Found a burning altar of Makhleb.
 10390 | D:9      | Reached *** piety under Beogh
 10396 | D:9      | Gained mutation: You are partially covered in iridescent
                  | scales. (AC +2) [hidden potential]
 10502 | D:9      | Killed from afar by Warrok the orc apostle

Illustrated notes

Levels and vault maps discovered:
D:1:      sevenhm_arrival_forest_fort_small_4, layout_basic
D:2:      layout_loops_cross, minmay_surrounded
D:3:      minmay_roachtagon, layout_basic, gup_sewer_entry_bubbles
D:4:      layout_loops_ring, mainiacjoe_overflow_boulevard, trog_butcher_becter,
          mainiacjoe_overflow_tiny_flanked, uniq_pikel
D:5:      layout_basic, hellmonk_ghost_happy_afterlife, nicolae_zig_zag_zippers,
          uniq_duvessa
D:6:      layout_basic, grunt_dithmenos_smoke, minmay_temple_entry_hall,
          minmay_stone_trees_small
D:7:      layout_basic, nicolae_overflow_crystal_walls, lemuel_round_altar,
          serial_shops, shop_fountains, serial_corexii_hall,
          corexii_hall_statues_i, corexii_hall_statues_s,
          corexii_hall_statues_t, chequers_hall_statues_corner_a,
          chequers_hall_statues_corner_a, corexii_hall_statues_u,
          minmay_diced_spiral
D:8:      layout_basic, okawaru_gym_becter, gammafunk_temple_overflow_arena,
          elyvilon_altar_5, erik_lair_island
D:9:      layout_stronghold, nicolae_uskayaw_murder_on_the_dancefloor,
          chei_slow_surprise
Temple:   grunt_temple_mini_profane

Skill      XL: |  1  2  3  4  5  6  7  8  9 10 |
---------------+-------------------------------+-----
Axes           | 3 4 5 6 7 9 11 13 | 13.5
Armour         | 4 5 6 8 |  8.4
Fighting       | 4 5 6 |  6.4
Shields        | 4 5 6 |  6.0
Translocations | 2 |  2.5
Throwing       | |  0.9

Action                     |  1- 3 |  4- 6 |  7- 9 | 10-12 || total
---------------------------+-------+-------+-------+-------++-------
  Melee: War axe           |   140 |   245 |   398 |   215 ||   998
  Throw: Dart              |       |     2 |    28 |    15 ||    45
 Invoke: Convert to Beogh  |       |       |     1 |       ||     1
  Evoke: Wand              |       |       |     9 |       ||     9
    Use: Scroll            |     5 |     4 |    11 |     3 ||    23
         Potion            |       |       |     6 |     5 ||    11
 Armour: Scale mail        |   102 |   165 |   198 |   176 ||   641
         Plate armour      |       |       |   211 |    39 ||   250
  Dodge: Dodged            |    77 |    75 |   149 |    39 ||   340
  Block: Buckler           |    27 |    43 |    83 |    10 ||   163
         Tower shield      |       |       |       |   148 ||   148

Table legend: (Time is in decaauts)
 A = Elapsed time spent in this place.
 B = Non-inter-level travel time spent in this place.
 C = Inter-level travel time spent in this place.
 D = Time resting spent in this place.
 E = Time spent auto-exploring this place.
 F = Levels seen in this place.
 G = Mean time per level.
                   A        B        C        D        E       F      G
               +--------+--------+--------+--------+--------+-----+--------+
         Total |  10809 |  10607 |    202 |     71 |   8223 |  11 |  982.6 |
       Dungeon |   9819 |   9617 |    202 |     71 |   7527 |   9 | 1091.0 |
        Temple |      7 |      7 |      0 |      0 |      0 |   1 |    7.0 |
         Sewer |    982 |    982 |      0 |      0 |    696 |   1 |  982.0 |
               +--------+--------+--------+--------+--------+-----+--------+

Top non-repeatable levels by time:
     D:7: 1931 daAuts
     D:8: 1353 daAuts
     D:6: 1301 daAuts
     D:4: 1292 daAuts
     D:5: 1124 daAuts
   Sewer: 982 daAuts
     D:3: 965 daAuts
     D:1: 951 daAuts
     D:2: 745 daAuts
     D:9: 153 daAuts
  Temple: 7 daAuts
